 Dungeon Crawl Stone Soup version 0.28.0-53-g5a82cb258f (webtiles) character file.

Game seed: 9241355279828297540

93 Tiocfaidh the Magician (level 4, 0/40 HPs)
             Began as a Troll Hedge Wizard on Aug 22, 2022.
             Slain by Natasha (5 damage)
             ... on level 3 of the Dungeon.
             The game lasted 00:10:06 (1622 turns).

Tiocfaidh the Magician (Troll Hedge Wizard)         Turns: 1622, Time: 00:10:07

Health: 0/40       AC:  4    Str: 18    XL:     4   Next: 37%
Magic:  6/6        EV: 10    Int: 12    God:
Gold:   111        SH:  0    Dex:  9    Spells: 6/7 levels left

rFire   . . .      SeeInvis .   a - +0 dagger
rCold   . . .      Faith    .   (no shield)
rNeg    . . .      Spirit   .   b - +0 robe
rPois   .          Reflect  .   c - +0 hat
rElec   .          Harm     .   (no cloak)
rCorr   .          Rampage  .   (gloves unavailable)
Will    .....                   (boots unavailable)
Stlth   +.........              (no amulet)
HPRegen 0.93/turn               (no ring)
MPRegen 0.10/turn               (no ring)

@: no status effects
A: large, unfitting armour, claws 3, regeneration 1, shaggy fur 1, tough skin 1
a: no special abilities


You were on level 3 of the Dungeon.
You visited 1 branch of the dungeon, and saw 3 of its levels.

You collected 111 gold pieces.

Inventory:

Hand Weapons
 a - a +0 dagger (weapon)
Missiles
 g - 7 javelins
Armour
 b - a +0 robe (worn)
 c - a +0 hat (worn)
Scrolls
 d - 2 scrolls of teleportation {unknown}
 f - a scroll of amnesia {unknown}
 j - a scroll of identify {unknown}
Potions
 e - 2 potions of might {unknown}
 h - a potion of heal wounds {unknown}
 i - a potion of curing {unknown}


   Skills:
 + Level 0.5 Fighting
 + Level 1.1 Short Blades
 + Level 2.3 Dodging
 + Level 1.2 Stealth
 + Level 2.4 Spellcasting
 + Level 1.0 Conjurations
 + Level 0.6 Summonings
 + Level 0.6 Translocations


You had 6 spell levels left.
You knew the following spells:

 Your Spells              Type           Power      Damage    Failure   Level
a - Magic Dart            Conj           16%        1d3       17%         1

Your spell library contained the following spells:

 Spells                   Type           Power      Damage    Failure   Level
 Slow                     Hex            4%         N/A       26%         1
 Blink                    Tloc           4%         N/A       30%         2
 Call Imp                 Summ           2%         N/A       30%         2
 Gell's Gravitas          Tloc           2%         N/A       52%         3
 Teleport Other           Tloc           2%         N/A       52%         3
 Conjure Flame            Conj/Fire      2%         6-21      54%         3
 Mephitic Cloud           Conj/Pois/Air  2%         N/A       56%         3
 Dispersal                Tloc           1%         N/A       100%        6


Dungeon Overview and Level Annotations

Branches:
Dungeon (3/15)

Altars:

Annotations:
D:3 Natasha


Innate Abilities, Weirdness & Mutations

You are too large for most types of armour.
You have claws for hands.
Your natural rate of healing is unusually fast.
You are covered in fur. (AC +1)
You have tough skin. (AC +1)


Message History

You closely miss Natasha.
Natasha is severely wounded.
The white imp hits you but does no damage.
Natasha barely misses you.
You miss Natasha.
Natasha is severely wounded.
The white imp hits you but does no damage.
Natasha closely misses you.
You closely miss Natasha.
Natasha is severely wounded.
The white imp hits you. The white imp freezes you.
Natasha extends her claws.
Natasha barely misses you.
You hit Natasha but do no damage.
Natasha is severely wounded.
The white imp hits you but does no damage.
Natasha stares at you and mumbles some strange words.
The magic dart hits you!
Unknown command.
You closely miss Natasha.
Natasha is severely wounded.
The white imp hits you.
* * * LOW HITPOINT WARNING * * *
The white imp freezes you.
* * * LOW HITPOINT WARNING * * *
Natasha mewls in sadness.
Natasha claws you.
* * * LOW HITPOINT WARNING * * *
You hit Natasha but do no damage.
Natasha is severely wounded.
The white imp barely misses you.
Natasha howls an incantation.
Natasha shimmers violently.
Natasha claws you.
* * * LOW HITPOINT WARNING * * *
You closely miss Natasha.
Natasha is severely wounded.
The white imp shouts, "Quit, thou frothy miscreant swadder!"
The white imp barely misses you. Natasha claws you.
You die...

##.### .....# .....# #
.....# #. .....#
.##### .....# ....#
#...###########...####
.....................+
#...###.#######.@.####
##..# #.# ##5h#
###.###.# ##.#
........# ...
###.##### .... #.#
....# #.# ..#.# #.#
..#.# # #.#


You could see Natasha and a white imp (summoned).

Vanquished Creatures
  Terence (D:2)
  3 adders
  3 bats (D:1)
  4 endoplasms
  3 giant cockroaches
  7 hobgoblins
  2 jackals (D:2)
  2 kobolds
  A quokka (D:1)
  4 ball pythons
  4 goblins
  4 rats
38 creatures vanquished.

Notes
Turn   | Place    | Note
-------+----------+-------------------------------------------
     0 | D:1      | Tiocfaidh the Troll Hedge Wizard began the quest for the
                  | Orb.
     0 | D:1      | Reached XP level 1. HP: 16/16 MP: 2/2
   145 | D:1      | Found a faded altar of an unknown god.
   277 | D:1      | Reached XP level 2. HP: 24/24 MP: 0/4
   736 | D:2      | Reached XP level 3. HP: 31/31 MP: 1/5
  1017 | D:2      | Noticed Terence
  1037 | D:2      | Killed Terence
  1038 | D:2      | Reached skill level 1 in Conjurations
  1273 | D:3      | Reached XP level 4. HP: 24/39 MP: 6/6
  1324 | D:3      | Reached skill level 1 in Short Blades
  1594 | D:3      | Noticed Natasha
  1622 | D:3      | Slain by Natasha

Illustrated notes

Levels and vault maps discovered:
D:1:      kennysheep_arrival_seaside, layout_basic, serial_curves,
          eino_curves_04, eino_curves_03, basic_ecumenical_altar,
          minmay_misc_feat_pillars, serial_bayou_pond_d
D:2:      layout_rooms, st_stairs_6, kennysheep_generic_room_12, uniq_terence
D:3:      layout_loops_corners, st_stairs_7, uniq_natasha

Skill      XL: |  1  2  3  4 |
---------------+-------------+-----
Dodging        | 2 |  2.3
Conjurations   | 1 |  1.0
Short Blades   | 1 |  1.1
Fighting       | |  0.5
Stealth        | |  1.2
Spellcasting   | |  2.4
Summonings     | |  0.6
Translocations | |  0.6

Action                   |  1- 3 |  4- 6 || total
-------------------------+-------+-------++-------
Melee: Dagger            |   127 |    58 ||   185
       Punch             |     1 |     1 ||     2
 Cast: Magic Dart        |    28 |     4 ||    32
 Stab: Sleeping          |     1 |       ||     1
Armor: Robe              |    56 |    15 ||    71
Dodge: Dodged            |    71 |    30 ||   101
